 Dungeon Crawl Stone Soup version 0.28-a0-691-gad6df49e81 (webtiles) character file.

Game seed: 1941995339088866987

24892 Johnny the Fencer (level 13, -19/104 HPs)
             Began as a Human Berserker on Oct 21, 2021.
             Was a High Priest of Trog.
             Demolished by a red ugly thing (22 damage)
             ... on level 13 of the Dungeon.
             The game lasted 00:18:11 (16668 turns).

Johnny the Fencer (Human Berserker)                Turns: 16668, Time: 00:18:11

Health: -19/104    AC:  9    Str: 22    XL:     13   Next: 46%
Magic:  13/13      EV: 12    Int:  9    God:    Trog [*****.]
Gold:   536        SH:  0    Dex: 18    Spells: 12/12 levels left

rFire   . . .      SeeInvis +   F - +8 great sword (vamp)
rCold   . . .      Faith    .   (shield currently unavailable)
rNeg    . . .      Spirit   .   R - +0 acid dragon scales
rPois   .          Reflect  .   C - +0 helmet
rElec   .          Harm     .   J - +0 cloak
rCorr   +          Rampage  .   (no gloves)
Will    .....                   d - +0 pair of boots
Stlth   +.........              g - amulet of the acrobat
HPRegen 0.27/turn               c - ring of see invisible
MPRegen 0.13/turn               A - +6 ring of dexterity

@: lethally poisoned (-19 -> -24), about to teleport, on berserk cooldown,
slowed, very slow
A: no striking features
a: Renounce Religion, Berserk, Trog's Hand, Brothers in Arms


You were on level 13 of the Dungeon.
You worshipped Trog.
Trog was extremely pleased with you.
You visited 1 branch of the dungeon, and saw 13 of its levels.
You also visited: Bailey.

You collected 862 gold pieces.
You spent 326 gold pieces at shops.

Inventory:

Hand Weapons
 B - the +11 dagger "Glorpo" {flame, Str+2 Stlth+}
   (You found it on level 7 of the Dungeon)

   It burns those it strikes, dealing additional fire damage.
   Str:       It affects your strength (+2).
   Stlth:     It makes you more stealthy.
 F - a +8 vampiric great sword (weapon)
 K - a +3 vorpal triple sword
Missiles
 y - a throwing net (quivered)
Armour
 a - a +1 robe of fire resistance
 d - a +0 pair of boots (worn)
 C - a +0 helmet (worn)
 J - a +0 cloak (worn)
 R - +0 acid dragon scales (worn)
Jewellery
 c - a ring of see invisible (left hand)
 g - an amulet of the acrobat (around neck)
 s - a ring of ice
 A - a +6 ring of dexterity (right hand)
 P - an amulet of guardian spirit
Wands
 l - a wand of flame (50)
 u - a wand of digging (5)
 L - a wand of paralysis (13)
 N - a wand of iceblast (9)
Scrolls
 e - 3 scrolls of vulnerability
 k - 3 scrolls of teleportation
 n - 7 scrolls of enchant armour
 p - a scroll of magic mapping
 z - 2 scrolls of holy word
 D - 3 scrolls of fog
 I - 2 scrolls of noise {unknown}
 M - 3 scrolls of immolation {unknown}
 O - a scroll of fear {unknown}
 Q - a scroll of silence {unknown}
Potions
 b - 4 potions of attraction
 f - 2 potions of ambrosia
 h - 3 potions of magic
 j - a potion of degeneration
 m - 3 potions of flight
 o - 4 potions of mutation
 q - a potion of lignification
 r - 2 potions of resistance {unknown}
 t - 3 potions of haste {unknown}
 v - 5 potions of curing {unknown}
 w - 3 potions of brilliance {unknown}
 E - a potion of cancellation {unknown}
 G - 2 potions of invisibility
 H - 2 potions of might {unknown}


   Skills:
 - Level 10.6 Fighting
 * Level 19.1 Long Blades
 - Level 2.0 Armour
 - Level 2.0 Dodging


You had 12 spell levels left.
You didn't know any spells.
Your spell library was empty.

Dungeon Overview and Level Annotations

Branches:
Dungeon (13/15)            Temple (0/1) D:5            Lair (0/6) D:11
    Orc (0/2) D:12         Bailey (visited)
 Vaults: D:13-14

Altars:
Ashenzari
Gozag
Hepliaklqana
Nemelex Xobeh
Okawaru
Qazlal
Ru
Wu Jian
Xom
Yredelemnul

Shops:
D:1 [   D:6 [   D:7 **   D:8 ?   D:9 *   D:12 (

Annotations:
D:13 Nessos


Message History

A red ugly thing comes into view.
You are too injured to fight recklessly!
You are too injured to fight recklessly!
Unknown command.
Okay, then.
Blink to where?
Press: ? - help, Dir - move target
As you read the scroll of blinking, it crumbles to dust.
* * * LOW HITPOINT WARNING * * *
You feel extremely sick.
The basilisk bites you but does no damage.
You feel much better.
You feel extremely sick.
Nessos shouts, "I'm half human!
Half horse!
And all stone-cold KILLER!"
The red ugly thing closely misses you.
You feel very sick.
Nessos zaps a wand.
Some rock shatters into small pieces.
As you read the scroll of teleportation, it crumbles to dust.
You feel strangely unstable.
You feel very sick.
Nessos unwields a +1 longbow of flaming.
It stops flaming.
Nessos closely misses you. Nessos kicks you.
* * * LOW HITPOINT WARNING * * *
The red ugly thing claws you!
* * * LOW HITPOINT WARNING * * *
You are engulfed in flames!
* * * LOW HITPOINT WARNING * * *
Nessos hits you but does no damage. Nessos kicks you but does no damage.
You feel much better.
You feel sick. Nessos hits you but does no damage.
Nessos kicks you but does no damage.
Nessos mumbles some strange words.
Nessos blinks!
The red ugly thing claws you but does no damage.
Nessos casts a spell.
Nessos blinks!
The basilisk bites you!
* * * LOW HITPOINT WARNING * * *
The red ugly thing claws you!
* * * LOW HITPOINT WARNING * * *
You are engulfed in flames!!
You die...

## #.###
##... ....
#..# #..#
#.@# #lu#
#.........#
##ยง#.....##
#.#..##..#
#.#..# .#.#
#.#.)##.#.#
#=c.....#.#
###..#.##.#


You could see Nessos (fast), a red ugly thing and a basilisk.

Vanquished Creatures
  A hydra (D:11)
  3 two-headed ogres
  3 death yaks (D:11)
  2 centaur warriors
  3 orc knights (Bailey)
  Pikel (D:5)
  A deep elf pyromancer (D:12)
  2 ugly things (D:12)
  3 cyclopes
  A manticore (D:12)
  Maurice (D:13)
  A gargoyle (D:11)
  Psyche (D:9)
  An unseen horror (D:8)
  A komodo dragon (D:11)
  An efreet (D:13)
  5 trolls
  Grinder (D:4)
  A hornet (D:9)
  A slime creature (D:8)
  A wyvern (D:9)
  18 yaks
  Sigmund (D:6)
  2 vampires
  Eustachio (D:4)
  5 vampire mosquitoes
  3 acid dragons
  2 water moccasins
  Duvessa (D:7)
  16 orc warriors
  A black bear (D:6)
  2 ice beasts (D:6)
  2 necrophages
  3 sky beasts
  9 centaurs
  4 ogres
  A phantom (D:6)
  7 kobold brigands
  3 bullfrogs
  4 gnoll sergeants
  4 scorpions
  A water moccasin zombie (D:9)
  A wyvern skeleton (D:5)
  Dowan (D:7)
  A water moccasin skeleton (D:4)
  25 killer bees
  A wight (D:8)
  4 howler monkeys
  A centaur zombie (D:9)
  3 hounds
  5 jellies
  A bullfrog skeleton (D:6)
  3 orc priests
  Crazy Yiuf (D:4)
  2 gnoll shamans
  Jessica (D:2)
  A centaur skeleton (D:6)
  3 iguanas
  Natasha (twice) (D:2)
  8 orc wizards
  A hound skeleton (D:5)
  Robin (D:4)
  23 gnolls
  7 adders
  3 white imps
  2 ufetubi
  An adder skeleton (D:4)
  2 worms (D:2)
  2 dart slugs
  59 orcs
  7 bats
  6 endoplasms
  2 giant cockroaches
  11 hobgoblins
  2 jackals (D:5)
  7 quokkas
  5 ball pythons
  4 frilled lizards
  9 goblins
  17 kobolds
  7 rats
367 creatures vanquished.

Vanquished Creatures (others)
  A bush (D:11)
  2 fungi (D:4)
3 creatures vanquished.

Grand Total: 370 creatures vanquished

Notes
Turn   | Place    | Note
-------+----------+-------------------------------------------
     0 | D:1      | Johnny the Human Berserker began the quest for the Orb.
     0 | D:1      | Reached XP level 1. HP: 18/18 MP: 1/1
    82 | D:1      | Reached XP level 2. HP: 24/24 MP: 2/2
   142 | D:1      | Found Nusixzon's Armour Shop.
   478 | D:1      | Found a faded altar of an unknown god.
   479 | D:1      | Noticed a great orb of eyes
   487 | D:1      | Noticed an eye of devastation
   492 | D:1      | Noticed a floating eye
   492 | D:1      | Noticed a floating eye
   579 | D:1      | Reached XP level 3. HP: 29/29 MP: 3/3
   724 | D:1      | Reached ** piety under Trog
   979 | D:2      | Reached skill level 4 in Long Blades
  1042 | D:2      | Noticed Jessica
  1046 | D:2      | Killed Jessica
  1047 | D:2      | Reached XP level 4. HP: 37/37 MP: 4/4
  1438 | D:2      | Noticed Natasha
  1445 | D:2      | Killed Natasha
  1815 | D:2      | Noticed Natasha
  1830 | D:2      | Killed Natasha
  1831 | D:2      | Reached XP level 5. HP: 28/42 MP: 5/5
  2442 | D:3      | Reached skill level 5 in Long Blades
  2798 | D:3      | Found a hazy altar of Hepliaklqana.
  2798 | D:3      | Found a stormy altar of Qazlal.
  2899 | D:4      | Noticed Eustachio
  2905 | D:4      | Reached XP level 6. HP: 48/48 MP: 6/6
  3378 | D:4      | Reached skill level 6 in Long Blades
  3702 | D:5      | Entered Level 5 of the Dungeon
  3707 | D:5      | Found a staircase to the Ecumenical Temple.
  3708 | D:5      | Noticed a necrophage
  3720 | D:5      | Killed a necrophage
  3721 | D:5      | Reached skill level 5 in Fighting
  3721 | D:5      | Reached XP level 7. HP: 44/56 MP: 7/7
  3860 | D:6      | Reached skill level 7 in Long Blades
  3927 | D:6      | Reached XP level 8. HP: 64/64 MP: 8/8
  4005 | D:5      | Reached skill level 8 in Long Blades
  4874 | D:5      | Noticed Pikel
  5050 | D:6      | Reached *** piety under Trog
  5127 | D:6      | Found Urphoofi's Armour Emporium.
  5227 | D:6      | Noticed Sigmund
  5305 | D:6      | Reached skill level 9 in Long Blades
  5439 | D:6      | Killed Sigmund
  5440 | D:6      | Reached XP level 9. HP: 71/71 MP: 9/9
  5506 | D:6      | Found an iron altar of Okawaru.
  5846 | D:7      | Reached skill level 10 in Long Blades
  6235 | D:7      | Identified the +11 dagger "Glorpo" {flame, Str+2 Stlth+}
  6388 | D:7      | Found Zymul's Specific Store.
  6389 | D:7      | Found Ylaicumm's General Store.
  6390 | D:7      | Noticed Dowan
  6405 | D:7      | Killed Dowan
  6499 | D:7      | Noticed Duvessa
  6513 | D:7      | Killed Duvessa
  6550 | D:7      | Bought 2 scrolls of identify for 56 gold pieces
  6550 | D:7      | Bought a potion of flight for 42 gold pieces
  6717 | D:7      | Reached skill level 11 in Long Blades
  6776 | D:7      | Reached XP level 10. HP: 77/80 MP: 10/10
  7221 | D:8      | Found a sparkling altar of Nemelex Xobeh.
  7225 | D:8      | Noticed an unseen horror
  7235 | D:8      | Killed an unseen horror
  7452 | D:8      | Noticed a deep elf pyromancer
  7452 | D:8      | Noticed a cyclops
  7453 | D:8      | Noticed a cyclops
  7519 | D:8      | Found a flagged portal.
  7527 | D:8      | Identified the +5 halberd "Tekkib" {vorpal, rElec rCorr}
  7530 | Bailey   | Entered a bailey
  7536 | Bailey   | Reached skill level 12 in Long Blades
  7662 | Bailey   | Reached **** piety under Trog
  8134 | Bailey   | Noticed an orc knight
  8167 | Bailey   | Killed an orc knight
  8787 | Bailey   | Noticed an orc knight
  8787 | Bailey   | Noticed an orc knight
  9097 | Bailey   | Killed an orc knight
  9098 | Bailey   | Reached skill level 13 in Long Blades
  9098 | Bailey   | Reached XP level 11. HP: 80/89 MP: 11/11
  9155 | Bailey   | Killed an orc knight
  9596 | D:8      | Found a shimmering altar of Xom.
  9635 | D:8      | Found a sacrificial altar of Ru.
  9702 | D:8      | Noticed a cyclops
  9703 | D:8      | Noticed an iron dragon
  9703 | D:8      | Noticed a two-headed ogre
  9773 | D:8      | Reached skill level 10 in Fighting
  9784 | D:8      | Acquired a +3 vampiric great sword
  9989 | D:8      | Found Urerghulu's Magic Scroll Boutique.
  9992 | D:8      | Bought a scroll of blinking for 90 gold pieces
  9992 | D:8      | Bought a scroll of identify for 24 gold pieces
  9992 | D:8      | Bought a scroll of enchant armour for 90 gold pieces
  9992 | D:8      | Bought a scroll of identify for 24 gold pieces
 10262 | D:5      | Reached skill level 14 in Long Blades
 10408 | D:5      | Killed Pikel
 10619 | D:4      | Killed Eustachio
 10689 | D:4      | Noticed Grinder
 10690 | D:4      | Noticed Robin
 10709 | D:4      | Killed Robin
 10726 | D:4      | Paralysed by Grinder for 2 turns
 10730 | D:4      | Killed Grinder
 10974 | D:4      | Found an opulent altar of Gozag.
 10983 | D:4      | Found a basalt altar of Yredelemnul.
 11030 | D:4      | Found a broken altar of Ashenzari.
 11034 | D:4      | Saw a vision of the Swamp and the Snake Pit.
 11034 | D:4      | Noticed a salamander
 11034 | D:4      | Noticed a will-o-the-wisp
 11034 | D:4      | Noticed a shock serpent
 11034 | D:4      | Noticed a goliath frog
 11034 | D:4      | Noticed an alligator
 11034 | D:4      | Noticed a will-o-the-wisp
 11132 | D:4      | Found a runed translucent door.
 11133 | D:4      | Noticed Crazy Yiuf
 11140 | D:4      | Killed Crazy Yiuf
 11277 | D:8      | Noticed an acid blob
 11295 | D:9      | Noticed a two-headed ogre
 11301 | D:9      | Killed a two-headed ogre
 11647 | D:9      | Noticed a two-headed ogre
 11651 | D:9      | Killed a two-headed ogre
 11656 | D:9      | Reached skill level 15 in Long Blades
 11881 | D:9      | Noticed Psyche
 11896 | D:9      | Killed Psyche
 11897 | D:9      | Reached XP level 12. HP: 99/99 MP: 12/12
 12540 | D:9      | Found Hegrun's Blasphemy Boutique.
 12571 | D:9      | Found an ornate altar of the Wu Jian Council.
 12663 | D:10     | Entered Level 10 of the Dungeon
 13199 | D:10     | Noticed a centaur warrior
 13204 | D:10     | Killed a centaur warrior
 13205 | D:10     | Reached skill level 16 in Long Blades
 14381 | D:11     | Noticed a death yak
 14391 | D:11     | Killed a death yak
 14416 | D:11     | Noticed a death yak
 14446 | D:11     | Found a staircase to the Lair.
 14474 | D:11     | Killed a death yak
 14476 | D:11     | Noticed a death yak
 14478 | D:11     | Reached skill level 17 in Long Blades
 14487 | D:11     | Killed a death yak
 14643 | D:11     | Noticed a four-headed hydra
 14648 | D:11     | Killed a seven-headed hydra
 14779 | D:11     | Reached ***** piety under Trog
 14935 | D:12     | Found a staircase to the Orcish Mines.
 14960 | D:12     | Reached XP level 13. HP: 99/104 MP: 13/13
 15188 | D:12     | Reached skill level 18 in Long Blades
 15681 | D:12     | Found Hociath's Antique Weapon Boutique.
 16187 | D:13     | Noticed Maurice
 16198 | D:13     | Killed Maurice
 16221 | D:13     | Noticed a centaur warrior
 16235 | D:13     | Killed a centaur warrior
 16426 | D:13     | Received a gift from Trog
 16429 | D:13     | Reached skill level 19 in Long Blades
 16659 | D:13     | Noticed Nessos
 16668 | D:13     | HP: 3/104 [red ugly thing (9)]
 16668 | D:13     | Demolished by a red ugly thing

Illustrated notes

Levels and vault maps discovered:
D:1:      heliophobic_arrival_ceremonial_halls, layout_basic, serial_shops,
          shop, hellmonk_ecumenical_altar_watching_god
D:2:      layout_basic, uniq_natasha, uniq_jessica
D:3:      layout_rooms, amethyst_overflow_temple_binary
D:4:      layout_basic, grunt_ashenzari_visionary
          [grunt_ashenzari_visionary_swamp, grunt_ashenzari_visionary_snake],
          mainiacjoe_overflow_swirl, uniq_robin, uniq_eustachio, uniq_grinder,
          uniq_crazy_yiuf_cottage
D:5:      layout_rooms, minmay_temple_entry_sparse_star, uniq_pikel
D:6:      layout_cave_pools, mainiacjoe_overflow_cross_hatched, serial_shops,
          shop, chequers_jeans, st_stairs_8, uniq_sigmund
D:7:      layout_basic, serial_curves, eino_curves_01, eino_curves_02,
          nicolae_specific_store, minmay_bent, uniq_duvessa
D:8:      layout_gridville, nemelex_xobeh_ov_fountains_minmay,
          mainiacjoe_overflow_alcove_2, amcnicky_altar_gilded, serial_shops,
          kennysheep_mini, enter_bailey_2, st_stairs_2, minmay_crystal_room,
          minmay_liquid_box, onia_ninara_dug_in_and_dangerous
D:9:      layout_roguey, pdpol_wu_jian_five_deadly_venoms, nicolae_evil_shop,
          uniq_psyche
D:10:     layout_loops_cross, minmay_holes
D:11:     layout_basic, dpeg_lair_monsters, minmay_hedge_maze
D:12:     layout_long_grid, kennysheep_orc_monster_closet_entryway,
          serial_shops, nicolae_shop_window_shopping
D:13:     layout_loops_ring, minmay_misc_feat_square, uniq_erolcha,
          uniq_maurice, uniq_nessos

Skill      XL: |  1  2  3  4  5  6  7  8  9 10 11 12 13 |
---------------+----------------------------------------+-----
Long Blades    | 4 5 6 7 9 11 13 15 17 19 | 19.1
Fighting       | 4 5 6 8 9 10 | 10.6
Armour         | |  2.0
Dodging        | |  2.0

Action                   |  1- 3 |  4- 6 |  7- 9 | 10-12 | 13-15 || total
-------------------------+-------+-------+-------+-------+-------++-------
Melee: Falchion          |    74 |   212 |   208 |       |       ||   494
       Dagger            |       |       |    52 |   173 |       ||   225
       Great sword       |       |       |       |   342 |   108 ||   450
Throw: Throwing net      |       |       |       |     1 |       ||     1
Invok: Berserk           |     3 |     5 |    14 |    25 |     3 ||    50
       Trog's Hand       |       |       |     6 |    14 |     1 ||    21
       Brothers in Arms  |       |       |       |     1 |       ||     1
Evoke: Wand              |       |     2 |       |    46 |     2 ||    50
  Use: Scroll            |       |       |       |    22 |     3 ||    25
       Potion            |       |       |       |       |     2 ||     2
 Stab: Paralysed         |       |       |       |       |     3 ||     3
Armor: Animal skin       |    16 |    29 |       |       |       ||    45
       Scale mail        |       |    33 |    88 |   154 |       ||   275
       Acid dragon scale |       |       |       |    13 |    47 ||    60
Dodge: Dodged            |    52 |   127 |   183 |   326 |   117 ||   805

Table legend: (Time is in decaauts)
 A = Elapsed time spent in this place.
 B = Non-inter-level travel time spent in this place.
 C = Inter-level travel time spent in this place.
 D = Time resting spent in this place.
 E = Time spent auto-exploring this place.
 F = Levels seen in this place.
 G = Mean time per level.
                   A        B        C        D        E       F      G
               +--------+--------+--------+--------+--------+-----+--------+
         Total |  17003 |  16480 |    523 |   3545 |  10089 |  14 | 1214.5 |
       Dungeon |  15147 |  14624 |    523 |   2447 |   9768 |  13 | 1165.2 |
        Bailey |   1855 |   1855 |      0 |   1097 |    321 |   1 | 1855.0 |
               +--------+--------+--------+--------+--------+-----+--------+

Top non-repeatable levels by time:
  Bailey: 1855 daAuts
     D:4: 1648 daAuts
     D:2: 1602 daAuts
    D:11: 1494 daAuts
     D:7: 1494 daAuts
     D:8: 1404 daAuts
    D:12: 1245 daAuts
     D:9: 1134 daAuts
     D:6: 1121 daAuts
     D:5: 1099 daAuts
     D:3: 860 daAuts
    D:10: 800 daAuts
     D:1: 755 daAuts
    D:13: 485 daAuts
